[Event "*** Titled Tuesday Blitz"]
[Site "Chess.com"]
[Date "2020.05.19"]
[Round "8"]
[White "davidkalashian"]
[Black "RaunakSadhwani2005"]
[Result "1/2-1/2"]
[WhiteElo "2621"]
[BlackElo "2798"]
[TimeControl "180+1"]
[EndTime "13:35:33 PDT"]
[Termination "Game drawn by repetition"]

1. e4 c6 2. d4 d5 3. Nc3 dxe4 4. Nxe4 Nf6 5. Nxf6+ exf6 6. c3 Bd6 7. Bd3 O-O 8.
Qc2 Re8+ 9. Ne2 h5 10. Be3 h4 11. O-O-O Qa5 12. Kb1 Nd7 13. c4 Nf8 14. Nc3 Be6 15. Rhe1 Rac8 16. Bd2 Qd8 17. Qc1 a6 18. Bf4 b5 19. Bxd6 Qxd6 20. c5 Qd7 21. Ne4 Qd5 22. b3 Bf5 23. Qf4 Ng6 24. Nxf6+ gxf6 25. Qxf5 Qxd4 26.
Rxe8+ Rxe8 27. Bc2 Qc3 28. Qg4 Re1 29. Bxg6 fxg6 30.
Qxg6+ Kf8 31. Qh6+ Kf7 32. Qh7+ Kf8 33. Qh8+ Kf7 34. Qh7+ Kf8 35. Qh6+ Kf7 36. Qh5+ Kg7 37. Qg4+ Kf7 38. Qd7+ Kg6 39. Qg4+ Kf7 40. Qd7+ Kg6 41. Qg4+ Kf7 1/2-1/2

[Event "*** Titled Tuesday Blitz"]
[Site "Chess.com"]
[Date "2020.05.19"]
[Round "8"]
[White "BanjoKazooieN64"]
[Black "frankshar"]
[Result "1-0"]
[WhiteElo "2550"]
[BlackElo "2381"]
[TimeControl "180+1"]
[EndTime "13:35:34 PDT"]
[Termination "BanjoKazooieN64 won on time"]

1. e4 c6 2. d4 d5 3. exd5 cxd5 4. f4 Nc6 5. c3 g6 6. Nf3 Bf5 7. Bd3 Bxd3 8. Qxd3 Bg7 9. O-O Nh6 10. Ne5 O-O 11.
Nd2 Nf5 12. Qh3 e6 13. Ndf3 Rc8 14. Bd2 Nd6 15. Rae1 Ne4 16. Bc1 b5 17. a3 a5 18.
Nxc6 Rxc6 19. Ng5 Nf6 20. Be3 h6 21. Nf3 Ne4 22. f5 exf5 23. Bxh6 b4 24. axb4 axb4 25. Rxe4 dxe4 26. Ng5 Bf6 27. Bxf8 Bxg5 28. Bxb4 Qd5 29. Qg3 Bh6 30. h4 f4 31. Qg4 e3 32.
Be7 Re6 33. Bg5 Bxg5 34. hxg5 e2 35. Re1 Qe4 36. Qf3 Qc2 37. Kf2 Qd2 38. Rxe2 Rxe2+ 39. Qxe2 Qc1 40. d5 1-0

[Event "*** Titled Tuesday Blitz"]
[Site "Chess.com"]
[Date "2020.05.19"]
[Round "8"]
[White "TheoSlade"]
[Black "politeplayer"]
[Result "1-0"]
[WhiteElo "2401"]
[BlackElo "2216"]
[TimeControl "180+1"]
[EndTime "13:35:34 PDT"]
[Termination "TheoSlade won by checkmate"]

1. d4 Nf6 2. c4 e6 3. g3 c5 4.
d5 exd5 5. cxd5 b5 6. Bg2 d6 7. e4 Nbd7 8. Nf3 g6 9. O-O Bg7 10.
Bf4 Qe7 11. Nc3 a6 12. e5 dxe5 13. d6 Qd8 14. Nxe5 Nxe5 15. Bxa8 Bg4 16. Qe1 O-O 17. Qxe5 Qxa8 18. Qxc5 Bh3 19. f3 Bxf1 20. Rxf1 Nd7 21. Qc7 Bd4+ 22. Kg2 Nf6 23. Rd1 Bxc3 24. Qxc3 Nd5 25. Qd4 Nxf4+ 26. Qxf4 Rd8 27. d7 Qc6 28. Qd4 Qc2+ 29. Rd2 Qc6 30. Qd6 Qc1 31. Re2 Qg5 32.
Re8+ Kg7 33. Qf8+ Kf6 34. Qh8+ Kf5 35. Qe5# 1-0

[Event "*** Titled Tuesday Blitz"]
[Site "Chess.com"]
[Date "2020.05.19"]
[Round "8"]
[White "Shubinkirill2003"]
[Black "okriak"]
[Result "1-0"]
[WhiteElo "2587"]
[BlackElo "2741"]
[TimeControl "180+1"]
[EndTime "13:35:35 PDT"]
[Termination "Shubinkirill2003 won by resignation"]

1. e4 Nc6 2. Nf3 e5 3. Bb5 a6 4. Ba4 Nf6 5. O-O Be7 6. Re1 b5 7. Bb3 d6 8. c3 O-O 9. h3 Nb8 10.
d4 Nbd7 11. Nbd2 Bb7 12. a3 c5 13. d5 c4 14. Bc2 Qc7 15. Nf1 Rfb8 16. Ng3 g6 17. Bh6 a5 18. Qd2 Ba6 19. Nh2 Nc5 20. f4 exf4 21. Qxf4 Ncd7 22. Nf5 Bf8 23. Bxf8 Rxf8 24.
Qxd6 Qa7+ 25. Nd4 Rad8 26. e5 Nh5 27. e6 Ndf6 28. Qc6 Nxd5 29. Ng4 Ne7 30. exf7+ Rxf7 31. Qe6 Kg7 32. Qe5+ Kf8 33. Kh1 Ng7 34. Nh6 Rd5 35. Ne6+ Nxe6 36. Qh8+ Ng8 37. Qxg8+ Ke7 38. Qxf7+ 1-0

[Event "*** Titled Tuesday Blitz"]
[Site "Chess.com"]
[Date "2020.05.19"]
[Round "8"]
[White "Crazy_girl99"]
[Black "Roza_Idrisova"]
[Result "1-0"]
[WhiteElo "2434"]
[BlackElo "2162"]
[TimeControl "180+1"]
[EndTime "13:35:37 PDT"]
[Termination "Crazy_girl99 won by resignation"]

1. e4 c6 2. d4 d5 3. e5 c5 4. dxc5 e6 5. Bb5+ Bd7 6. Bxd7+ Nxd7 7. Nf3 Bxc5 8. O-O Ne7 9. b3 Ng6 10. Bb2 O-O 11. Nbd2 a5 12. c4 Nb6 13. Rc1 dxc4 14. Nxc4 Nxc4 15. Rxc4 Rc8 16. Qxd8 Rfxd8 17. Rfc1 b6 18. g3 Rb8 19. Kg2 h6 20. a3 Rd3 21.
R1c3 Rxc3 22. Rxc3 Rd8 23. Kf1 Rd5 24. Rc2 Ne7 25.
Ke2 Nf5 26. Rc4 b5 27. Rc2 g5 28. g4 Nd4+ 29. Nxd4 Bxd4 30. Bxd4 Rxd4 31. Rc5 b4 32.
Rxa5 bxa3 33. Rxa3 Re4+ 34. Kd3 Rxe5 35. b4 Kf8 36.
Ra7 Kg7 37. f3 Kf6 38. Kd4 Rd5+ 39. Kc4 Rd2 40. b5 Rxh2 41. b6 Rb2 42. b7 Ke5 43. Kc5 Kf4 44. Ra4+ Kxf3 45. Rb4 Rxb4 46. Kxb4 Kxg4 47.
b8=Q f5 48. Qe5 h5 49. Kc3 f4 50.
Kd3 h4 51. Qxe6+ Kg3 52. Qf5 g4 53. Ke4 f3 54. Qf4+ Kh3 55. Ke3 g3 56. Kxf3 Kh2 57.
Qxh4+ 1-0

[Event "*** Titled Tuesday Blitz"]
[Site "Chess.com"]
[Date "2020.05.19"]
[Round "8"]
[White "Gentle_Emperor"]
[Black "jucAxx"]
[Result "0-1"]
[WhiteElo "2273"]
[BlackElo "2107"]
[TimeControl "180+1"]
[EndTime "13:35:39 PDT"]
[Termination "jucAxx won on time"]

1. d4 f5 2. Nf3 Nf6 3. g3 d6 4. Bg2 c6 5. c4 Qc7 6. O-O e5 7. dxe5 dxe5 8. b3 Be7 9. Bb2 e4 10. Nd4 O-O 11. e3 Na6 12. Nd2 Bd7 13. a3 Rad8 14. b4 c5 15. Nb5 Qb6 16. Qb3 Kh8 17. Bc3 Bxb5 18. cxb5 Qxb5 19. Rfd1 cxb4 20. axb4 Ng4 21.
Bf1 Qb6 22. Bd4 Qh6 0-1

[Event "*** Titled Tuesday Blitz"]
[Site "Chess.com"]
[Date "2020.05.19"]
[Round "8"]
[White "dolynachess"]
[Black "WiktoriaPOL"]
[Result "1-0"]
[WhiteElo "2356"]
[BlackElo "2004"]
[TimeControl "180+1"]
[EndTime "13:35:39 PDT"]
[Termination "dolynachess won by checkmate"]

1. d4 Nf6 2. c4 g6 3. g3 Bg7 4.
Bg2 O-O 5. Nc3 d6 6. e3 e5 7. Nge2 Nc6 8. O-O Re8 9. a3 a5 10. b3 e4 11. h3 h5 12. Rb1 Bf5 13. b4 axb4 14. axb4 Qd7 15. Nf4 g5 16. Nxh5 Bxh3 17. Nxf6+ Bxf6 18. Nd5 Bg7 19. Qh5 Bxg2 20. Kxg2 f6 21. Rh1 Ne7 22. Qh7+ Kf7 23. Qxe4 f5 24. Qf3 Nxd5 25. Qxd5+ Kf6 26. Qxb7 Ra2 27. Bb2 Rea8 28. Qf3 g4 29. Qf4 Qa4 30. d5+ Kg6 31. Bxg7 Kxg7 32.
Qg5+ Kf7 33. Qxf5+ Ke7 34. Rh7+ Ke8 35. Qf7+ Kd8 36.
Rh8+ Qe8 37. Rxe8# 1-0

[Event "*** Titled Tuesday Blitz"]
[Site "Chess.com"]
[Date "2020.05.19"]
[Round "8"]
[White "ChessBitl"]
[Black "Guenplen"]
[Result "0-1"]
[WhiteElo "2359"]
[BlackElo "2954"]
[TimeControl "180+1"]
[EndTime "13:35:40 PDT"]
[Termination "Guenplen won by resignation"]

1. e4 c5 2. Nf3 e6 3. c4 Nc6 4.
Nc3 Nge7 5. Be2 Nd4 6. O-O Nec6 7.
Nb5 Nxf3+ 8. Bxf3 a6 9. Nc3 g6 10.
d3 Bg7 11. g3 O-O 12. Bg2 d6 13. Be3 Rb8 14. f4 Nd4 15. Qd2 b5 16. Rab1 bxc4 17. dxc4 f5 18. b3 Qa5 19. Rbc1 Bb7 20. exf5 gxf5 21.
Rfd1 Rfd8 22. Ne2 Qxd2 23. Rxd2 e5 24. Nc3 e4 25. g4 Kf7 26. Nd5 Bxd5 27. cxd5 fxg4 28.
Kf2 Re8 29. h3 h5 30. hxg4 hxg4 31. Rh1 Nf5 32. Rdd1 Bd4 33. Bxd4 cxd4 34. Rh5 e3+ 35. Ke1 Kf6 36. Rxf5+ Kxf5 37. Rxd4 Rbc8 38. Rc4 Rxc4 39.
bxc4 Kxf4 40. Ke2 Rc8 41. Kd3 Rxc4 0-1

[Event "*** Titled Tuesday Blitz"]
[Site "Chess.com"]
[Date "2020.05.19"]
[Round "8"]
[White "Sanyura"]
[Black "124chess"]
[Result "0-1"]
[WhiteElo "2493"]
[BlackElo "2744"]
[TimeControl "180+1"]
[EndTime "13:35:40 PDT"]
[Termination "124chess won on time"]

1. Nf3 d5 2. g3 Nc6 3. d3 e5 4. Nbd2 Nf6 5. Bg2 Bc5 6. O-O O-O 7. e4 dxe4 8. dxe4 h6 9. c3 a5 10. a4 Be6 11. Qe2 Qd7 12. Nc4 Bxc4 13. Qxc4 Bb6 14.
Bd2 Rad8 15. Rae1 Qd3 16. Qb5 Qxb5 17. axb5 Na7 18. c4 Rfe8 19. Bc3 Nd7 20. Bh3 f6 21. Rd1 Nc5 22. Bf5 Kf7 23. Nh4 Kg8 24. Bg6 Rf8 25. Nf5 Nc8 26. Ne3 Nd6 27. Nd5 Ncxe4 28. Be1 Nc5 29. Rc1 e4 30. Kg2 Nd3 31. Rd1 Nxb2 32. Ra1 Nbxc4 0-1

[Event "*** Titled Tuesday Blitz"]
[Site "Chess.com"]
[Date "2020.05.19"]
[Round "8"]
[White "VaKukl"]
[Black "WildTricks"]
[Result "1-0"]
[WhiteElo "2395"]
[BlackElo "2533"]
[TimeControl "180+1"]
[EndTime "13:35:40 PDT"]
[Termination "VaKukl won by resignation"]

1. e4 e5 2. Nf3 Nc6 3. Bb5 g6 4. d4 exd4 5. Bg5 Be7 6. Bxe7 Qxe7 7. Bxc6 dxc6 8. Qxd4 Nf6 9. O-O c5 10. Qc3 O-O 11.
Re1 Nxe4 12. Qc4 Bf5 13. Nc3 Nd6 14. Qxc5 Qd8 15. Nd4 Bd7 16. Rad1 b6 17. Qd5 Qf6 18.
Nc6 Rae8 19. Nxa7 Be6 20. Qe5 Qh4 21. Nc6 f6 22. Qg3 Qxg3 23. hxg3 Bd7 24. Ne7+ Kf7 25. Ned5 Rc8 26. Re7+ Kg8 27. Rxd7 Nf5 28. g4 Nh6 29. Ne7+ Kh8 30. Nxc8 Rxc8 1-0

[Event "*** Titled Tuesday Blitz"]
[Site "Chess.com"]
[Date "2020.05.19"]
[Round "8"]
[White "marszach123"]
[Black "Ceejay271"]
[Result "0-1"]
[WhiteElo "2202"]
[BlackElo "2395"]
[TimeControl "180+1"]
[EndTime "13:35:40 PDT"]
[Termination "Ceejay271 won on time"]

1. e4 c5 2. Nf3 Nc6 3. d4 cxd4 4.
Nxd4 g6 5. c4 Nf6 6. f3 Bg7 7.
Be3 O-O 8. Nc3 d6 9. Be2 Bd7 10.
O-O Nxd4 11. Bxd4 a5 12. Qd2 Bc6 13. Rfd1 Nd7 14. Be3 Nc5 15. b3 Be5 16. f4 Bxc3 17. Qxc3 Nxe4 18. Qb2 e6 19. Bf3 f5 20. Bxe4 Bxe4 21.
Bd4 Qc7 22. Qf2 Ra6 23. Qh4 e5 24. Be3 Re8 25. Qf6 Qe7 26. Qxe7 Rxe7 27. c5 exf4 28. cxd6 fxe3 29. dxe7 Kf7 30. Rd7 Re6 31. Re1 f4 32. g3 g5 33. h4 h6 34. hxg5 hxg5 35.
gxf4 gxf4 36. Rf1 f3 0-1

[Event "*** Titled Tuesday Blitz"]
[Site "Chess.com"]
[Date "2020.05.19"]
[Round "8"]
[White "pfalcon1949"]
[Black "OsorioFernando"]
[Result "0-1"]
[WhiteElo "1963"]
[BlackElo "2246"]
[TimeControl "180+1"]
[EndTime "13:35:40 PDT"]
[Termination "OsorioFernando won on time"]

1. d4 f5 2. Nf3 Nf6 3. g3 e6 4. Bg2 d5 5. O-O c6 6. c4 Bd6 7. Qb3 O-O 8. Nc3 Kh8 9. Bf4 Bxf4 10. gxf4 b6 11. Ne5 Bb7 12. Rac1 Nbd7 13. cxd5 exd5 14.
e3 Nxe5 15. dxe5 Ne4 16. Nxe4 fxe4 17. Rfd1 Qe7 18. Kh1 g5 19. Qc3 gxf4 20. exf4 Rxf4 21. e6+ Qf6 22. Bh3 Re8 23. Qg3 c5 24. Rf1 d4 25.
Bg2 Rxe6 26. Qh3 Re8 27. Qh5 Rg8 28. Bh3 e3+ 29. f3 Rxf3 0-1

[Event "*** Titled Tuesday Blitz"]
[Site "Chess.com"]
[Date "2020.05.19"]
[Round "8"]
[White "DarkAlekhine"]
[Black "VerdeNotte"]
[Result "0-1"]
[WhiteElo "2622"]
[BlackElo "2822"]
[TimeControl "180+1"]
[EndTime "13:35:41 PDT"]
[Termination "VerdeNotte won by checkmate"]

1. Nf3 g6 2. g3 Bg7 3. Bg2 c5 4. O-O d5 5. c4 d4 6. e3 Nc6 7. exd4 cxd4 8. d3 Nf6 9. Re1 O-O 10. a3 a5 11. Ne5 Nxe5 12. Rxe5 Ra6 13. Nd2 Qc7 14. Nf3 Bg4 15. Bf4 Qd7 16. Rb5 Nh5 17. Bd2 a4 18. Qf1 Qc7 19. Bf4 Nxf4 20. gxf4 Qxf4 21. Qe2 Rf6 22. Qe5 Bxf3 23. Qxf4 Rxf4 24.
Bxf3 Rxf3 25. Rd1 Rf5 26. Rxb7 Bf6 27. Rc1 Rc8 28. Rb4 Ra5 29. Kf1 e6 30. Rb7 Be5 31. Rc2 Bxh2 32. Kg2 Bd6 33. Kf3 Rf5+ 34. Ke4 Rf4# 0-1

[Event "*** Titled Tuesday Blitz"]
[Site "Chess.com"]
[Date "2020.05.19"]
[Round "8"]
[White "pichonazo"]
[Black "velemajstor767276"]
[Result "0-1"]
[WhiteElo "2512"]
[BlackElo "2641"]
[TimeControl "180+1"]
[EndTime "13:35:42 PDT"]
[Termination "velemajstor767276 won by resignation"]

1. e4 c5 2. c3 d5 3. exd5 Qxd5 4. d4 Nf6 5. Nf3 e6 6. Bd3 Be7 7. O-O O-O 8. c4 Qh5 9. Be2 Rd8 10. Be3 Ng4 11. h3 Nxe3 12. fxe3 Qh6 13. Qb3 Nc6 14. d5 Na5 15. Qc3 b6 16. e4 Bf6 17. e5 Be7 18. d6 Bf8 19. Nbd2 Bb7 20. Rad1 Nc6 21. Rfe1 Qf4 22.
Bf1 Nd4 23. Qe3 Qxe3+ 24. Rxe3 Nf5 25. Ree1 f6 26. exf6 Rxd6 27. fxg7 Bxg7 28. b3 Rad8 29. Kf2 Bxf3 30. Kxf3 Rxd2 31. Rxd2 Rxd2 32. Rxe6 Nd4+ 0-1

[Event "*** Titled Tuesday Blitz"]
[Site "Chess.com"]
[Date "2020.05.19"]
[Round "8"]
[White "Herracek"]
[Black "Tacticusbd"]
[Result "1-0"]
[WhiteElo "2542"]
[BlackElo "2402"]
[TimeControl "180+1"]
[EndTime "13:35:42 PDT"]
[Termination "Herracek won on time"]

1. c4 e5 2. g3 Nf6 3. Bg2 d5 4. cxd5 Nxd5 5. Nf3 Nc6 6. O-O Nb6 7. b3 Be7 8. Bb2 Bf6 9. Nc3 O-O 10. Ne4 Bg4 11.
Nxf6+ Qxf6 12. Qc2 Rfe8 13. Rac1 Rac8 14. d3 Qh6 15. Rfd1 f6 16. a3 Kh8 17. b4 Ne7 18. a4 c6 19. Ba3 Nf5 20. Bb2 Rcd8 21. b5 cxb5 22. axb5 Nd6 23. Qb3 Be6 24. Qb4 Nd5 25.
Qa5 b6 26. Qa4 Bd7 27. Nxe5 fxe5 28. Bxd5 Nxb5 29. Qa1 Qg5 30. Be4 1-0

[Event "*** Titled Tuesday Blitz"]
[Site "Chess.com"]
[Date "2020.05.19"]
[Round "8"]
[White "antoszu"]
[Black "diablanni"]
[Result "1-0"]
[WhiteElo "2544"]
[BlackElo "2343"]
[TimeControl "180+1"]
[EndTime "13:35:43 PDT"]
[Termination "antoszu won by resignation"]

1. d4 Nf6 2. c4 c5 3. d5 b5 4. cxb5 a6 5. f3 axb5 6. e4 Qa5+ 7. Bd2 b4 8. Na3 d6 9. Nc4 Qd8 10. a3 e6 11. Ne3 exd5 12. exd5 bxa3 13. Rxa3 Rxa3 14.
bxa3 g6 15. Bb5+ Bd7 16. Bc4 Bg7 17. Ne2 O-O 18. O-O Qe8 19. Nc3 Qe5 20. Re1 Re8 21. Qc2 h5 22. Nb5 Qe7 23. Bc3 Bh6 24. Ng4 Qxe1+ 25.
Bxe1 hxg4 26. Bf2 gxf3 27. gxf3 Nxd5 28. Bxd5 1-0

[Event "*** Titled Tuesday Blitz"]
[Site "Chess.com"]
[Date "2020.05.19"]
[Round "8"]
[White "guillembaches"]
[Black "Escanor89"]
[Result "1-0"]
[WhiteElo "2424"]
[BlackElo "2554"]
[TimeControl "180+1"]
[EndTime "13:35:44 PDT"]
[Termination "guillembaches won by resignation"]

1. e4 c5 2. Nf3 d6 3. d4 cxd4 4. Qxd4 Nc6 5. Qe3 Nf6 6. h3 e6 7.
c4 a6 8. Nc3 Be7 9. Be2 O-O 10.
O-O Ne5 11. Rd1 Qc7 12. b3 b6 13. Bb2 Bb7 14. Rac1 Rac8 15. Nd4 Ned7 16. Nf3 Rfe8 17. Bf1 Bf8 18. Rc2 Ne5 19. Rcd2 Nfd7 20. Nxe5 Nxe5 21.
f4 Nc6 22. Qg3 Rcd8 23. Bd3 Nb8 24. Bb1 b5 25. cxb5 axb5 26. Kh1 b4 27. Ne2 Nd7 28.
Nd4 Qb6 29. Nf3 Nc5 30. Re2 d5 31. exd5 Rxd5 32. Rxd5 Bxd5 33. Bxh7+ Kxh7 34. Qh4+ Kg6 35. Qg5+ Kh7 36. Qh5+ Kg8 37. Ng5 Bd6 38. Qxf7+ 1-0

[Event "*** Titled Tuesday Blitz"]
[Site "Chess.com"]
[Date "2020.05.19"]
[Round "8"]
[White "Isajevsky_Anton"]
[Black "rogapa"]
[Result "0-1"]
[WhiteElo "2439"]
[BlackElo "2700"]
[TimeControl "180+1"]
[EndTime "13:35:45 PDT"]
[Termination "rogapa won by resignation"]

1. c4 e5 2. g3 Nc6 3. Bg2 Bc5 4. Nc3 d6 5. Nf3 a6 6. a3 Nf6 7. b4 Bb6 8. d3 h6 9. O-O O-O 10. e3 Bf5 11. Bb2 Qd7 12. Re1 Bh3 13. Bh1 Rae8 14. Nd2 Bg4 15. Qc2 Nh7 16. Nd5 Ba7 17. b5 Nd8 18.
bxa6 bxa6 19. d4 exd4 20. Bxd4 Bxd4 21. exd4 Ng5 22. Bg2 Nc6 23. Qc3 Bh3 24. Bxh3 Nxh3+ 25. Kg2 Ng5 26. Nf4 Qf5 27. h4 Ne6 28. Nxe6 fxe6 29. Qe3 e5 30. d5 Nd4 31. Ne4 Nc2 32. Qe2 Nxa1 33. Rxa1 Rb8 34. c5 dxc5 35. Nxc5 e4 36. Rd1 Rb5 37. Nxe4 Rxd5 38. Qc4 Qf3+ 39. Kh2 Qxd1 0-1

[Event "*** Titled Tuesday Blitz"]
[Site "Chess.com"]
[Date "2020.05.19"]
[Round "8"]
[White "kuli4ik"]
[Black "ChessQueen"]
[Result "0-1"]
[WhiteElo "2766"]
[BlackElo "2622"]
[TimeControl "180+1"]
[EndTime "13:35:48 PDT"]
[Termination "ChessQueen won by resignation"]

1. d4 Nf6 2. Bg5 d5 3. Nf3 Ne4 4. Bf4 c5 5. dxc5 f6 6. Nfd2 Nxc5 7. Bg3 e5 8. e3 Be6 9. Nb3 Nxb3 10. axb3 Nc6 11.
Be2 g6 12. O-O Bg7 13. Qd2 O-O 14. Rd1 f5 15. c3 g5 16. f3 f4 17. Bf2 e4 18. Na3 Qf6 19. h3 Ne5 20. exf4 gxf4 21. Bd4 Qg5 22. Kh1 Rf6 23. Bf1 Rg6 24. Qe2 e3 25. c4 Bxh3 26. Bxe5 Bxe5 27. Rxd5 Be6 28. Qd3 Rh6+ 29. Kg1 Qh4 0-1

[Event "*** Titled Tuesday Blitz"]
[Site "Chess.com"]
[Date "2020.05.19"]
[Round "8"]
[White "JozefKneht"]
[Black "JuliaEfremova"]
[Result "1/2-1/2"]
[WhiteElo "2504"]
[BlackElo "2137"]
[TimeControl "180+1"]
[EndTime "13:35:48 PDT"]
[Termination "Game drawn by repetition"]

1. e4 d5 2. exd5 Qxd5 3. Nc3 Qa5 4. d4 Nf6 5. Nf3 Bg4 6. h3 Bxf3 7. Qxf3 c6 8. Bd3 e6 9. O-O Be7 10. Ne4 Nbd7 11. c3 Nxe4 12. Bxe4 Nf6 13. Bc2 Rd8 14. Qg3 Nh5 15. Qe3 h6 16. Qe2 Nf6 17. Re1 O-O 18. a3 Qc7 19. Qf3 Rd7 20. Bf4 Qa5 21. Be5 Rfd8 22.
Qg3 Kf8 23. Be4 c5 24. dxc5 Qxc5 25. Bd4 Qa5 26. Bf3 b5 27. Qf4 Qa4 28. Qe3 a6 29. Bc6 Rd6 30. Bf3 R6d7 31. Bd1 Qc4 32. Bf3 Qa4 1/2-1/2

[Event "*** Titled Tuesday Blitz"]
[Site "Chess.com"]
[Date "2020.05.19"]
[Round "8"]
[White "miruna_daria28"]
[Black "adricalderon8"]
[Result "0-1"]
[WhiteElo "2268"]
[BlackElo "2437"]
[TimeControl "180+1"]
[EndTime "13:35:49 PDT"]
[Termination "adricalderon8 won by resignation"]

1. e4 c5 2. Nf3 Nc6 3. d4 cxd4 4. Nxd4 g6 5. Nc3 Bg7 6. Be3 Nf6 7. Bc4 O-O 8. Bb3 Re8 9. Qd2 Ng4 10. Nxc6 dxc6 11. Bg5 Qxd2+ 12. Bxd2 b5 13. a3 a6 14. O-O e6 15. h3 Ne5 16. Be3 Nd7 17. Rfd1 c5 18. a4 c4 19. Ba2 Bxc3 20. bxc3 Nf6 21. f3 Bb7 22. Rd6 Red8 23. Rb6 Rab8 24. axb5 axb5 25. Rxb5 Ba6 26. Rxb8 Rxb8 27. Rb1 Rxb1+ 28. Bxb1 Kf8 29. Ba2 Ke8 30. Bc5 Kd7 31. Kf2 Kc6 32. Bb4 Nd7 33. Ke3 e5 34. f4 f6 35. fxe5 fxe5 36. Be7 Kb5 37. Bb4 Bb7 38. Be7 Bc6 39. g4 Nc5 40. Bxc5 Kxc5 41. g5 Bb5 42. h4 Kb6 43. Kd2 Ka5 44.
Kc1 Kb6 45. Kb2 Kc5 46. Ka3 Bc6 47. Bb1 Bxe4 48. Ka4 Bc6+ 49. Ka5 e4 0-1

[Event "*** Titled Tuesday Blitz"]
[Site "Chess.com"]
[Date "2020.05.19"]
[Round "8"]
[White "realmadridtv"]
[Black "IIIlllII1llIl"]
[Result "0-1"]
[WhiteElo "2471"]
[BlackElo "2629"]
[TimeControl "180+1"]
[EndTime "13:35:55 PDT"]
[Termination "IIIlllII1llIl won by resignation"]

1. d4 Nf6 2. c4 g6 3. g3 c6 4. Bg2 d5 5. Qa4 Nfd7 6. cxd5 Nb6 7. Qd1 cxd5 8. Nf3 Bg7 9. O-O O-O 10. Nc3 Nc6 11.
Bf4 Bf5 12. Ne5 Rc8 13. Qb3 Nxd4 14. Qd1 Nc6 15. Nxc6 bxc6 16. e4 dxe4 17. Qe2 Qd3 18. Rfe1 Nd5 19. Qxd3 exd3 20. Nxd5 cxd5 21. Bxd5 Bxb2 22.
Rad1 e6 23. Bb3 Bc3 24. Re3 Rfd8 25. f3 Bd4 26. g4 e5 27. Bg5 Bxe3+ 28. Bxe3 Be6 29.
Ba4 Bxa2 30. Rd2 Bb1 31. Kf2 Bc2 32. Bg5 Bxa4 33. Bxd8 Rxd8 34. Ke3 Bc2 35. h4 h5 36. gxh5 gxh5 37. f4 exf4+ 38. Kxf4 Kh7 39. Kg5 Re8 40. Kf6 Re2 41. Kg5 Rxd2 42. Kxh5 Rf2 43. Kg5 d2 44. h5 d1=Q 45. h6 Qg1+ 0-1

[Event "*** Titled Tuesday Blitz"]
[Site "Chess.com"]
[Date "2020.05.19"]
[Round "8"]
[White "Unknown_IM"]
[Black "MasterKroket"]
[Result "1-0"]
[WhiteElo "2544"]
[BlackElo "2404"]
[TimeControl "180+1"]
[EndTime "13:35:56 PDT"]
[Termination "Unknown_IM won on time"]

1. e4 c5 2. Nf3 e6 3. c3 Nf6 4. Bd3 Nc6 5. Bc2 d6 6. O-O Be7 7. d4 cxd4 8. cxd4 O-O 9. a3 e5 10. d5 Nb8 11. Nc3 Nbd7 12. h3 a5 13. Rb1 Nc5 14. b4 axb4 15. axb4 Na6 16. Be3 Bd7 17. Qd2 Qc7 18. Rfc1 Rfc8 19. Bd3 Qd8 20. Ne2 Ne8 21. b5 Nb8 22. Rxc8 Qxc8 23. Rc1 Qd8 24. Ng3 g6 25. Bg5 f6 26. Be3 Qa5 27. Qe2 Qa2 28. Rc2 Qb1+ 29. Kh2 Qb3 30. Nd2 Qb4 31. h4 Ra4 32. h5 Ra5 33. hxg6 hxg6 34. b6 Na6 35.
Nc4 Ra1 36. Rb2 Qa4 37. Bc2 1-0

[Event "*** Titled Tuesday Blitz"]
[Site "Chess.com"]
[Date "2020.05.19"]
[Round "8"]
[White "ljuks68"]
[Black "Nellichka"]
[Result "1-0"]
[WhiteElo "2332"]
[BlackElo "1992"]
[TimeControl "180+1"]
[EndTime "13:35:56 PDT"]
[Termination "ljuks68 won on time"]

1. e4 e6 2. d4 d5 3. Nc3 Bb4 4. e5 c5 5. a3 Bxc3+ 6. bxc3 Ne7 7. h4 Qa5 8. Bd2 Qa4 9. Qg4 Qxc2 10. Qxg7 Rg8 11. Qf6 Nbc6 12. Ne2 Rg6 13. Qf4 cxd4 14. cxd4 Bd7 15. Rh3 O-O-O 16. Qxf7 Nf5 17. a4 Kb8 18. Qxh7 Nfxd4 19. Nxd4 Nxd4 20. Bd3 Qc7 21. Qxg6 Qxe5+ 22. Kf1 Nb3 23. Rd1 Bxa4 24. Bc2 Nxd2+ 25. Rxd2 Bxc2 26. Rxc2 Qa1+ 27. Ke2 d4 28. Qd3 1-0

[Event "*** Titled Tuesday Blitz"]
[Site "Chess.com"]
[Date "2020.05.19"]
[Round "8"]
[White "chessplayer9919"]
[Black "WildBizon"]
[Result "0-1"]
[WhiteElo "2506"]
[BlackElo "2639"]
[TimeControl "180+1"]
[EndTime "13:35:57 PDT"]
[Termination "WildBizon won on time"]

1. d4 Nf6 2. c4 g6 3. Nc3 d5 4. cxd5 Nxd5 5. e4 Nxc3 6. bxc3 Bg7 7. Be3 c5 8. Bc4 O-O 9. Ne2 Nc6 10. O-O Na5 11.
Bd3 b6 12. d5 c4 13. Bc2 e5 14.
f3 f5 15. Bf2 f4 16. Ba4 Qd6 17. Qb1 Rf6 18. Qb4 Bf8 19. Qxd6 Bxd6 20. Bb5 g5 21. Rad1 h5 22. h3 g4 23. Bh4 Rf8 24. Kh2 Kh7 25. Nc1 g3+ 26. Kg1 a6 27. Bc6 Ra7 28. Ba4 b5 29.
Bc2 Bd7 30. Ne2 Kg6 31. Nxf4+ Rxf4 32. Bxg3 Kf6 33. Bxf4 exf4 34. Kf2 h4 35. Ke2 Ke5 36. Kd2 Ra8 37. Kc1 Rg8 38. Rf2 Bc5 39. Re2 Bd6 40.
Kb2 Nb7 41. Bb1 a5 42. Bc2 Nc5 43. Kc1 b4 44. Kd2 b3 45. axb3 cxb3 46. Bd3 a4 47.
Ra1 b2 48. Rb1 a3 49. Bc4 Bb5 0-1

[Event "*** Titled Tuesday Blitz"]
[Site "Chess.com"]
[Date "2020.05.19"]
[Round "8"]
[White "ama18"]
[Black "VALPARAISO37"]
[Result "0-1"]
[WhiteElo "2459"]
[BlackElo "2316"]
[TimeControl "180+1"]
[EndTime "13:35:58 PDT"]
[Termination "VALPARAISO37 won on time"]

1. e4 e5 2. Nf3 Nc6 3. Bb5 a6 4. Ba4 Nf6 5. O-O Bc5 6. c3 b5 7.
Bb3 d6 8. d4 Bb6 9. a4 Bb7 10.
Na3 O-O 11. axb5 axb5 12. Be3 Nxe4 13. Nxb5 exd4 14. Rxa8 Bxa8 15. cxd4 Ne7 16. Nc3 Nf5 17. Nxe4 Bxe4 18. Bc2 Re8 19. Bxe4 Rxe4 20. Qd3 Nxe3 21.
fxe3 Rg4 22. Qf5 Rg6 23. Ng5 Qe8 24. Rf3 c5 25. h4 cxd4 26. h5 Rxg5 27. Qxg5 dxe3 28.
h6 e2+ 29. Kh2 Qe5+ 30. Qxe5 dxe5 31. Rc3 gxh6 32. Rc1 Bf2 33. Kh3 e1=R 34. Rxe1 Bxe1 35. Kg4 Kg7 36. Kf5 f6 37. b3 h5 0-1

[Event "*** Titled Tuesday Blitz"]
[Site "Chess.com"]
[Date "2020.05.19"]
[Round "8"]
[White "Kavyev_Ruslan"]
[Black "chenxiaoyuer"]
[Result "1-0"]
[WhiteElo "2449"]
[BlackElo "2291"]
[TimeControl "180+1"]
[EndTime "13:35:58 PDT"]
[Termination "Kavyev_Ruslan won on time"]

1. d4 Nf6 2. c4 g6 3. Nc3 Bg7 4. e4 d6 5. Be2 O-O 6. Be3 e5 7.
d5 a5 8. g4 Na6 9. h4 h5 10.
g5 Nh7 11. Qd2 Nc5 12. Nh3 Bxh3 13. Rxh3 f6 14. O-O-O fxg5 15. hxg5 Qe7 16. Rdh1 Rf7 17. Bxh5 gxh5 18. g6 Rff8 19. gxh7+ Kh8 20. Rxh5 a4 21. Kb1 Rf7 22. a3 Nb3 23. Qe2 Nd4 24. Qg4 c6 25. Rg1 Rc8 26. Bh6 Rc7 27. Bxg7+ Rxg7 28. Qd1 Qf8 29.
Rxg7 Rxg7 30. dxc6 bxc6 31. Qxa4 Re7 32. Qb4 Re8 33. Ka2 c5 34. Qb6 Rb8 35. Qc7 Rxb2+ 36. Kxb2 Qxf2+ 37. Ka1 Qe1+ 38. Nb1 Nb3+ 39. Kb2 Qe2+ 40.
Kxb3 1-0